Map: Orbital Shipyard

Players

Gayguy - Winner!

  • Race: Protoss Protoss
  • League: Master

xKawaiian

  • Race: Terran Terran
  • League: Master

VOD

Have the link to the VOD?

Description

Time

  • Played on: Jan. 15, 2016, 2:44 a.m.
  • Length: 12:20
Show
View Real Time Build Order
Export as new Build Order

Gayguy Protoss - Winner!

Build Orders: Oracle Opening 

Get SALT Encoding   

  12  0:01  Probe (Chrono Boost)  
  13  0:11  Probe (Chrono Boost)  
  14  0:18  Pylon  
  14  0:22  Probe (Chrono Boost)  
  15  0:36  Probe (Chrono Boost)  
  15  0:38  Gateway  
  16  0:46  Probe (Chrono Boost), Assimilator  
  17  0:52  Assimilator  
  17  0:57  Probe (Chrono Boost)  
  18  1:08  Probe (Chrono Boost)  
  19  1:18  Probe (Chrono Boost)  
  20  1:25  Cybernetics Core  
  20  1:29  Probe (Chrono Boost)  
  21  1:39  Probe (Chrono Boost)  
  22  1:49  Pylon  
  22  1:50  Probe (Chrono Boost)  
  23  2:07  Adept  
  23  2:08  Mothership Core (Chrono Boost)  
  27  2:09  Stargate  
  27  2:14  Pylon  
  27  2:26  Probe (Chrono Boost)  
  28  2:40  Adept  
  30  2:46  Probe (Chrono Boost)  
  31  2:55  Nexus  
  31  2:58  Probe (Chrono Boost)  
  32  3:07  Oracle (Chrono Boost)  
  32  3:08  Probe  
  36  3:15  Pylon  
  36  3:21  Probe  
  37  3:33  Probe  
  38  3:39  Oracle (Chrono Boost)  
  41  3:45  Probe  
  40  3:50  Gateway, Twilight Council  
  40  3:57  Probe  
  41  4:04  Gateway  
  41  4:09  Probe  
  42  4:10  Probe  
  43  4:20  Nexus, Warp Gate  
  43  4:25  Probe  
  43  4:27  Probe  
  45  4:33  Blink (Chrono Boost)  
  45  4:38  Probe  
  46  4:42  Stalker  
  46  4:44  Probe  
  49  4:50  Probe  
  50  4:53  Stalker  
  50  4:56  Probe  
  53  5:02  Probe  
  53  5:06  Stalker, Pylon  
  56  5:08  Probe  
  57  5:14  Probe  
  57  5:20  Probe  
  59  5:22  Gateway  
  59  5:23  Gateway  
  59  5:26  Probe  
  60  5:31  Probe  
  60  5:33  Probe  
  62  5:36  Gateway  
  62  5:38  Probe  
  62  5:41  Probe  
  62  5:42  Gateway  
  63  5:44  Gateway  
  63  5:45  Probe  
  65  5:50  Probe, Pylon  
  65  5:52  Probe  
  68  5:57  Probe  
  68  6:02  Probe  
  68  6:03  Probe  
  69  6:07  Pylon  
  69  6:10  Forge  
  69  6:11  Forge  
  70  6:13  Phoenix  
  70  6:15  Probe  
  70  6:16  Probe x2  
  75  6:21  Assimilator  
  75  6:22  Assimilator  
  75  6:28  Stalker x4, Probe  
  75  6:32  Probe x2, Resonating Glaives (Chrono Boost)  
  85  6:38  Stalker  
  85  6:39  Stalker  
  90  6:44  Phoenix  
  90  6:47  Probe x2  
  94  6:48  Probe, Protoss Ground Weapons Level 1 (Chrono Boost)  
  94  6:52  Assimilator  
  94  6:53  Assimilator  
  95  6:54  Pylon  
  95  6:58  Pylon  
  95  6:59  Probe x3  
  98  7:09  Probe  
  98  7:11  Probe x2  
  101  7:20  Probe, Protoss Ground Armor Level 1 (Chrono Boost)  
  101  7:21  Pylon  
  102  7:23  Probe x2, Robotics Facility  
  102  7:26  Stalker x2  
  106  7:39  Stalker  
  106  7:40  Stalker x3  
  114  7:44  Stalker  
  114  7:48  Pylon  
  114  7:49  Pylon  
  116  7:51  Gateway  
  116  7:54  Gateway  
  116  7:55  Gateway  
  116  7:58  Pylon  
  116  8:08  Adept x4  
  116  8:11  Observer  
  125  8:13  Pylon  
  125  8:17  Robotics Bay  
  125  8:18  Adept x4  
  133  8:29  Pylon  
  133  8:33  Pylon  
  133  8:34  Pylon  
  133  8:44  Protoss Ground Weapons Level 2 (Chrono Boost)  
  133  8:58  Zealot  
  133  8:59  Zealot x8, Robotics Facility  
  133  9:00  Zealot  
  139  9:05  Disruptor  
  139  9:06  Probe  
  139  9:08  Probe x2  
  130  9:18  Probe  
  130  9:20  Probe  
  130  9:22  Adept x4  
  138  9:24  Adept x2  
  138  9:25  Adept x2  
  138  9:26  Probe  
  138  9:30  Probe  
  142  9:32  Probe  
  143  9:38  Probe  
  143  9:42  Probe  
  143  9:43  Nexus  
  143  9:45  Probe  
  146  9:50  Protoss Ground Armor Level 2 (Chrono Boost)  
  146  9:52  Disruptor, Charge  
  149  10:03  Templar Archives  
  149  10:07  Pylon  
  149  10:12  Disruptor  
  149  10:13  Pylon  
  152  10:15  Probe x3  
  155  10:23  Photon Cannon  
  155  10:27  Disruptor, Photon Cannon  
  158  10:41  Zealot x2  
  158  10:42  Pylon, High Templar  
  162  10:43  High Templar  
  162  10:47  Disruptor, Archon  
  162  10:48  Zealot x2  
  172  11:00  Stalker x2, Pylon  
  172  11:03  Disruptor  
  179  11:07  Zealot x2  
  183  11:18  Zealot x3  
  185  11:23  Disruptor  
  185  11:25  Zealot x3  
  198  11:35  Dark Shrine  
  198  11:37  Assimilator  
  198  11:38  Assimilator  
  198  11:39  Observer  
  199  11:56  Nexus, Photon Cannon  
  195  12:16  Zealot  
  195  12:17  Zealot  
Show
View Real Time Build Order
Export as new Build Order

xKawaiian Terran 

Build Orders: Reaper Expand, MMM Bio 

Get SALT Encoding   

  12  0:01  SCV  
  13  0:13  SCV  
  14  0:17  Supply Depot  
  14  0:25  SCV  
  15  0:39  SCV  
  15  0:40  Barracks  
  16  0:47  Refinery  
  16  0:51  SCV  
  17  1:03  SCV  
  18  1:15  SCV  
  19  1:28  Orbital Command  
  19  1:30  Reaper  
  20  1:41  Command Center  
  20  1:52  Supply Depot  
  20  1:54  SCV  
  21  2:03  Barracks Reactor  
  21  2:06  SCV  
  21  2:07  Barracks  
  22  2:18  SCV  
  22  2:20  Barracks  
  23  2:30  SCV  
  23  2:34  Engineering Bay  
  24  2:39  Marine x2  
  24  2:42  SCV  
  27  2:51  Bunker  
  27  2:56  SCV  
  27  2:57  Barracks Tech Lab, Marine x2  
  29  3:07  Missile Turret  
  29  3:12  Marine  
  29  3:15  Marine x2  
  32  3:22  Marine  
  32  3:27  Stimpack  
  32  3:30  Marine  
  32  3:33  Marine x2  
  34  3:40  Marine  
  35  3:47  Orbital Command  
  33  3:48  Marine  
  33  3:51  Marine  
  34  3:56  Marine  
  34  3:57  Marine  
  36  4:06  Marine  
  36  4:08  Marine  
  36  4:09  SCV  
  39  4:13  Marine  
  40  4:18  Missile Turret  
  40  4:19  SCV, Marine  
  40  4:24  Marine  
  42  4:25  SCV  
  42  4:27  Marine  
  42  4:30  Factory  
  45  4:31  Marine  
  46  4:40  Supply Depot  
  46  4:43  Refinery  
  46  4:52  Supply Depot x2  
  46  4:57  Barracks Tech Lab  
  46  5:02  SCV x2, Marine x2  
  50  5:08  Marine  
  50  5:10  Supply Depot  
  51  5:14  SCV  
  51  5:19  Marine  
  51  5:20  Factory Reactor  
  51  5:22  Marine x2  
  51  5:23  Starport  
  51  5:24  SCV  
  51  5:26  SCV  
  55  5:29  Combat Shields  
  55  5:36  SCV  
  55  5:40  Marine  
  57  5:43  SCV  
  58  5:51  SCV  
  58  5:53  Command Center  
  58  5:54  Marine x2  
  58  5:55  SCV  
  62  6:03  SCV  
  63  6:05  Marine  
  63  6:06  Medivac  
  63  6:07  Medivac  
  63  6:09  SCV  
  69  6:15  SCV  
  69  6:17  Marine x2  
  69  6:18  Marine  
  73  6:21  SCV  
  73  6:23  Supply Depot, Marine  
  75  6:27  SCV, Factory Reactor  
  76  6:33  SCV, Refinery  
  76  6:36  Marine  
  78  6:44  Marine x2  
  78  6:45  SCV  
  78  6:46  SCV  
  82  6:50  Supply Depot x2  
  82  6:57  SCV, Barracks x2  
  82  6:59  SCV  
  82  7:00  Refinery  
  84  7:04  Marine  
  84  7:06  Marine x2  
  86  7:08  Marine  
  86  7:10  Medivac  
  86  7:14  SCV  
  88  7:17  Orbital Command  
  88  7:21  Marine  
  89  7:23  Marine  
  88  7:30  Marauder, Marine  
  88  7:39  Orbital Command  
  88  7:40  Marine  
  84  7:44  SCV  
  84  7:45  SCV, Marine  
  84  7:46  Medivac  
  84  7:48  Marauder  
  84  7:50  Medivac  
  93  7:52  Terran Infantry Weapons Level 1  
  93  7:56  SCV  
  94  7:58  Barracks Reactor, Barracks Tech Lab  
  94  8:01  Widow Mine x2  
  94  8:03  SCV  
  99  8:06  SCV  
  99  8:08  SCV  
  99  8:10  Concussive Shells, Marine  
  102  8:16  SCV  
  102  8:18  SCV  
  104  8:20  Supply Depot  
  104  8:21  Supply Depot, Marine  
  105  8:27  Engineering Bay  
  105  8:30  Armory  
  105  8:31  Marauder, Marine x2  
  109  8:35  SCV x3  
  109  8:39  Marauder, Widow Mine, Marine  
  117  8:41  Widow Mine  
  117  8:47  SCV  
  117  8:48  Marine x2  
  121  8:49  Supply Depot  
  121  8:50  Supply Depot  
  122  9:01  Marauder, Marine  
  122  9:08  Marauder, Widow Mine, Marine  
  120  9:10  Widow Mine  
  120  9:12  Marauder, Marine x2  
  114  9:18  SCV  
  114  9:19  Marine  
  114  9:22  Barracks x2  
  114  9:23  Marauder  
  108  9:24  SCV x2  
  108  9:25  Marine  
  108  9:26  Medivac x2  
  108  9:29  Marine  
  105  9:33  Marine x2  
  105  9:35  Terran Infantry Armor Level 1  
  105  9:36  SCV x2, Widow Mine  
  105  9:37  SCV  
  95  9:38  Widow Mine  
  95  9:43  Marauder, Marine  
  100  9:51  Marine  
  100  9:52  Marauder, Marine x2  
  105  9:54  SCV x3  
  105  9:56  Medivac x2  
  105  9:57  Refinery  
  105  9:59  Refinery  
  112  10:04  Marine  
  112  10:05  Command Center, Widow Mine  
  112  10:06  Marauder  
  116  10:12  Barracks Reactor, Barracks Tech Lab  
  116  10:14  Marine  
  116  10:15  Marauder x2  
  116  10:18  SCV  
  122  10:22  Marine  
  122  10:28  Marauder  
  125  10:31  SCV, Marine x2  
  125  10:32  Marine, Medivac, Marauder  
  125  10:33  Medivac  
  135  10:37  SCV x2  
  135  10:38  Supply Depot x2  
  135  10:39  Marauder  
  139  10:47  SCV  
  139  10:49  SCV x2  
  142  10:57  Marauder x2, Marine x2  
  142  10:59  Marine  
  142  11:00  Marauder x2, Marine  
  142  11:02  Medivac x2  
  157  11:07  Supply Depot x2  
  157  11:10  Supply Depot  
  156  11:12  Marine x2  
  156  11:15  Widow Mine x2  
  161  11:19  SCV, Marauder x2  
  166  11:29  Starport  
  166  11:31  Missile Turret  
  166  11:32  Missile Turret, Medivac  
  166  11:33  Supply Depot, Marine x2  
  166  11:39  Marauder, Marine, Fusion Core  
  172  11:47  SCV  
  172  11:53  Marauder, Marine x2  
  174  11:58  Marine  
  174  11:59  Marauder  
Tags
 
Add a new tag
Caveats
  • Supply blocks, unpowered buildings, or Contaminate may cause inaccurate times.
  • Supply counts are checked every 10 seconds.